Map: Zen LE

Players

ViBE

  • Race: Terran Terran
  • League: Silver
  • Spawn Location: 7:00

LaVolepe - Winner!

  • Race: Zerg Zerg
  • Spawn Location: 1:00

VOD

https://www.youtube.com/watch?v=kuS_PgtyAP8&list=PLFeZeom2b4DmHduNHeFj-6PfoasuSQn3P&index=2

Description

Time

  • Played on: Dec. 5, 2019, 7:23 p.m.
  • Length: 4:26
Show
View Real Time Build Order
Export as new Build Order

ViBE Terran 

Build Orders: 2 Factory 

Get SALT Encoding   

  12  0:00  SCV  
  13  0:12  SCV  
  14  0:18  Supply Depot  
  14  0:24  SCV  
  15  0:40  SCV  
  16  0:43  Barracks  
  16  0:49  Refinery  
  16  0:52  SCV  
  17  1:04  SCV  
  18  1:16  SCV  
  19  1:32  Orbital Command  
  19  1:39  Command Center  
  19  1:54  Supply Depot  
  19  1:58  Factory  
  19  2:02  SCV  
  20  2:14  SCV  
  21  2:17  Refinery  
  21  2:26  SCV  
  22  2:32  Factory  
  22  2:38  SCV  
  22  2:43  Factory Tech Lab  
  23  2:50  SCV  
  25  2:51  Orbital Command  
  24  3:02  SCV  
  25  3:05  Siege Tank  
  28  3:14  SCV  
  28  3:17  Hellion  
  31  3:21  SCV  
  31  3:26  SCV  
  32  3:33  SCV  
  29  3:38  SCV  
  29  3:41  Hellion  
  23  3:45  SCV  
  15  3:52  SCV  
  11  3:57  SCV  
  12  4:04  SCV, Hellion  
Show
View Real Time Build Order
Export as new Build Order

LaVolepe Zerg - Winner!

Build Orders: Hatch First 

Get SALT Encoding   

  12  0:03  Drone  
  13  0:08  Drone  
  14  0:41  Hatchery  
  13  0:53  Extractor  
  13  0:56  Drone  
  13  0:57  Spawning Pool  
  12  1:03  Drone  
  13  1:06  Drone  
  14  1:14  Overlord  
  14  1:34  Drone x2  
  16  1:44  Queen  
  18  1:49  Drone  
  19  2:04  Zergling x2  
  19  2:05  Zergling x2  
  19  2:06  Zergling x4  
  23  2:11  Metabolic Boost  
  23  2:18  Overlord  
  24  2:30  Zergling x2  
  24  2:31  Zergling x4  
  26  2:44  Zergling x2  
  26  2:46  Zergling x2  
  28  2:54  Overlord  
  28  2:55  Zergling x6  
  31  3:26  Zergling x12  
  31  3:44  Zergling x2  
  31  3:45  Zergling x6  
  31  3:55  Zergling x2  
Tags
 
Add a new tag
Caveats
  • Supply blocks, unpowered buildings, or Contaminate may cause inaccurate times.
  • Supply counts are checked every 10 seconds.